Map: Turbo Cruise '84 LE

Players

Smeeeger - Winner!

  • Race: Zerg Zerg
  • League: Platinum
  • Spawn Location: 3:00

VOD

Have the link to the VOD?

Description

Time

  • Played on: July 18, 2019, 10:02 p.m.
  • Length: 18:04
Show
View Real Time Build Order
Export as new Build Order

Smeeeger Zerg - Winner!

Build Orders:  

Get SALT Encoding   

  12  0:01  Drone  
  13  0:19  Overlord  
  13  0:27  Drone  
  14  0:45  Drone x2  
  16  0:50  Drone  
  17  1:06  Drone  
  18  1:19  Hatchery  
  17  1:28  Drone, Extractor  
  17  1:47  Spawning Pool  
  16  1:50  Drone  
  17  2:01  Drone  
  17  2:07  Drone  
  19  2:24  Overlord  
  19  2:52  Queen  
  19  2:53  Zergling x4  
  23  3:00  Queen  
  23  3:01  Zergling x2  
  26  3:12  Drone  
  27  3:31  Drone x2  
  27  3:33  Drone  
  27  3:35  Overlord  
  30  3:50  Drone x2, Queen  
  34  4:02  Drone  
  34  4:09  Overlord  
  35  4:18  Overlord  
  33  4:29  Drone  
  34  4:30  Drone x2  
  34  4:37  Drone x3, Roach Warren  
  34  4:38  Evolution Chamber  
  37  4:52  Drone  
  37  4:55  Drone  
  39  5:07  Lair  
  39  5:08  Drone x3  
  42  5:16  Drone  
  42  5:17  Drone  
  44  5:25  Extractor  
  44  5:27  Extractor  
  44  5:28  Drone  
  44  5:29  Drone  
  44  5:30  Drone  
  44  5:31  Drone  
  46  5:46  Spine Crawler  
  46  5:48  Roach  
  46  5:49  Roach x2  
  51  5:54  Drone  
  52  6:02  Overlord  
  52  6:06  Overlord  
  52  6:24  Overlord  
  52  6:30  Overlord  
  52  6:31  Roach  
  52  6:32  Roach x4  
  52  6:36  Zerg Missile Weapons Level 1  
  52  6:37  Glial Reconstitution  
  62  6:43  Drone  
  63  6:50  Drone  
  63  6:58  Roach x4  
  72  7:04  Overlord  
  72  7:17  Overlord  
  75  7:40  Drone, Overlord  
  75  7:43  Roach  
  75  7:44  Roach  
  75  7:47  Roach  
  82  8:08  Roach x3  
  82  8:09  Roach  
  91  8:21  Roach  
  93  8:41  Extractor  
  92  8:51  Overlord x2  
  92  8:59  Hatchery  
  82  9:11  Roach  
  82  9:12  Roach x10  
  90  9:35  Roach x3  
  86  9:54  Roach x3  
  86  9:55  Roach x2  
  80  10:38  Roach  
  80  10:39  Roach x3  
  80  10:40  Roach x2  
  80  10:48  Roach x2  
  86  10:50  Drone  
  86  10:51  Drone x4  
  86  10:55  Queen  
  89  11:02  Zerg Missile Weapons Level 2  
  89  11:04  Drone x2  
  89  11:05  Drone  
  78  11:20  Drone x2  
  78  11:21  Drone  
  82  11:36  Overlord  
  82  11:37  Roach x2  
  82  11:38  Roach x3  
  92  11:46  Extractor x2  
  92  11:48  Overseer  
  90  11:58  Drone x3  
  90  11:59  Drone x2  
  95  12:00  Drone  
  95  12:01  Overlord  
  96  12:14  Drone  
  96  12:15  Drone x3  
  100  12:28  Drone x3  
  100  12:29  Drone  
  104  12:39  Hatchery  
  103  12:40  Hydralisk Den  
  102  13:00  Zergling x12  
  102  13:01  Zergling x16  
  116  13:13  Drone, Baneling Nest  
  116  13:46  Overlord x4  
  116  13:56  Metabolic Boost  
  116  14:13  Centrifical Hooks  
  116  14:21  Queen  
  116  14:22  Drone x2  
  116  14:23  Drone  
  116  14:25  Hydralisk x6  
  116  14:26  Hydralisk x9  
  151  14:38  Extractor  
  151  14:39  Overseer  
  150  14:40  Overseer, Extractor  
  150  14:44  Baneling x3  
  150  14:45  Baneling x4  
  150  14:46  Baneling x3  
  150  14:48  Drone x3  
  150  14:49  Drone x2  
  154  14:53  Zerg Melee Weapons Level 1  
  154  14:55  Evolution Chamber  
  153  15:07  Infestation Pit  
  152  15:10  Drone  
  152  15:11  Drone x2  
  152  15:13  Drone x3  
  152  15:15  Drone  
  152  15:16  Drone  
  160  15:37  Drone  
  160  15:38  Drone x3  
  164  15:47  Overlord x2  
  164  15:48  Overlord x3  
  164  15:51  Pneumatized Carapace  
  164  16:14  Unknown  
  148  17:00  Zergling x2  
  148  17:01  Zergling x40  
  148  17:02  Zergling x10  
  153  17:16  Drone  
  153  17:17  Drone  
  136  17:35  Zergling x4  
  136  17:36  Zergling x8  
  142  17:54  Unknown  
Tags
 
Add a new tag
Caveats
  • Supply blocks, unpowered buildings, or Contaminate may cause inaccurate times.
  • Supply counts are checked every 10 seconds.